 Dungeon Crawl Stone Soup version 0.27-a0-668-gb5737ff2c0 (webtiles) character file.

Game seed: 6314944575071953823

1296 kae the Ruffian (level 8, -1/82 HPs)
             Began as a Naga Transmuter on Mar 17, 2021.
             Slain by a gnoll
             ... wielding a +0 flail
              (11 damage)
             ... on level 6 of the Dungeon.
             The game lasted 00:08:57 (7942 turns).

kae the Ruffian (Naga Transmuter)                   Turns: 7942, Time: 00:08:57

Health: -1/82      AC:  5    Str: 14    XL:     8   Next: 56%
Magic:  4/13       EV: 10    Int: 14    God:
Gold:   270        SH:  0    Dex: 12    Spells: 1/14 levels left

rFire    x . .     SeeInvis +     - Unarmed
rCold    + + +     Faith    .   (shield currently unavailable)
rNeg     . . .     Spirit   .   (armour currently unavailable)
rPois    +         Reflect  .   (helmet currently unavailable)
rElec    .         Harm     .   (cloak currently unavailable)
rCorr    .         Rampage  .   (gloves currently unavailable)
Will     +....                  (no barding)
Stlth    +.........             (no amulet)
HPRegen  0.23/turn              (no ring)
MPRegen  0.13/turn              (no ring)

@: ice-form, very slightly contaminated
A: freezing attack, amphibious, boosted hp, AC +2, large, see invisible,
(deformed body), (poison resistance), (slowness 2), spit poison 1, (naga tail 1)
a: Spit Poison, End Transformation


You were on level 6 of the Dungeon.
You were a creature of crystalline ice.
You visited 1 branch of the dungeon, and saw 6 of its levels.

You collected 270 gold pieces.

Inventory:

Armour
 a - a +1 robe (melded)
 i - a +1 helmet (melded)
Jewellery
 c - a +4 ring of protection
Wands
 f - a wand of acid (6)
 g - a wand of polymorph (9)
 l - a wand of paralysis (8)
 n - a wand of flame (22)
 p - a wand of mindburst (14)
Potions
 b - 2 potions of might
 d - a potion of cancellation
 e - a potion of flight
 h - 2 potions of berserk rage {unknown}
 j - a potion of curing {unknown}
 k - a potion of lignification {unknown}
 m - a potion of mutation {unknown}
 q - a potion of resistance {unknown}


   Skills:
 + Level 3.3 Fighting
 + Level 3.1 Dodging
 * Level 5.6 Unarmed Combat
 + Level 3.5 Spellcasting
 * Level 5.1 Transmutations
 * Level 3.5 Ice Magic
 - Level 3.0 Poison Magic


You had one spell level left.
You knew the following spells:

 Your Spells              Type           Power      Damage    Failure   Level
a - Beastly Appendage     Tmut           32%        N/A       2%          1
b - Spider Form           Tmut/Pois      6%         N/A       12%         3
c - Ice Form              Ice/Tmut       14%        N/A       34%         4
d - Blade Hands           Tmut           8%         N/A       56%         5

Your spell library contained the following spells:

 Spells                   Type           Power      Damage    Failure   Level
 Animate Skeleton         Necr           4%         N/A       21%         1
 Apportation              Tloc           4%         N/A       21%         1
 Corona                   Hex            2%         N/A       21%         1
 Summon Small Mammal      Summ           8%         N/A       21%         1
 Wereblood                Tmut           16%        N/A       3%          2


Dungeon Overview and Level Annotations

Branches:
Dungeon (6/15)
 Temple: D:4-7

Altars:
Ashenzari
Fedhas
Gozag
Nemelex Xobeh
Trog

Shops:
D:4 [

Annotations:
D:2 Terence
D:6 Dowan, Duvessa, Maggie


Innate Abilities, Weirdness & Mutations

You are a creature of crystalline ice.
You have a powerful freezing melee attack.
You are amphibious.
Your maximum health is increased.
Your armour is entirely melded.
You are incapable of wielding weapons or throwing items.
((Your serpentine skin is tough. (AC +2)))
You have supernaturally acute eyesight. (SInv)
((Armour fits poorly on your strangely shaped body.))
((Your system is resistant to poisons. (rPois)))
((You cover ground very slowly.))
You can spit poison.
((You have a snake-like lower body.))


Message History

Your magical contamination has completely faded away.
There is a stone staircase leading up here.
You hit the gnoll but do no damage. The gnoll hits you with a +0 club.
Casting: Ice Form (quite dangerous; 34% risk of failure)
Confirm with . or Enter, or press ? or * to list all spells.
The spell is quite dangerous to cast (34% risk of failure)!
Continue anyway? [Y]es or [N]o only, please.
The spell is quite dangerous to cast (34% risk of failure)!
Continue anyway?
You miscast Ice Form.
You are very lightly contaminated with residual magic.
Nothing appears to happen.
The gnoll hits you with a +0 club!
Casting: Ice Form (quite dangerous; 34% risk of failure)
Confirm with . or Enter, or press ? or * to list all spells.
The spell is quite dangerous to cast (34% risk of failure)!
Continue anyway? [Y]es or [N]o only, please.
The spell is quite dangerous to cast (34% risk of failure)!
Continue anyway?
You turn into a creature of crystalline ice.
Your +1 helmet melds into your body.
Your +1 robe melds into your body.
The gnoll closely misses you.
A gnoll comes into view. It is wielding a +0 quarterstaff.
You punch the gnoll! You freeze the gnoll.
You kill the gnoll!
You pummel Duvessa!! You freeze Duvessa.
Duvessa is severely wounded.
Duvessa hits you with a +0 short sword! The gnoll closely misses you.
The gnoll hits you with a +0 flail.
You hit the gnoll. You freeze the gnoll.
The gnoll is heavily wounded.
Duvessa hits you with a +0 short sword!
The gnoll hits you with a +1 flail of holy wrath!
The gnoll barely misses you.
You barely miss Duvessa.
Duvessa is severely wounded.
Dowan shouts!
Duvessa hits you with a +0 short sword!
* * * LOW HITPOINT WARNING * * *
The gnoll hits you with a +1 flail of holy wrath!
* * * LOW HITPOINT WARNING * * *
The gnoll hits you with a +0 flail!
You die...

#.............##.#
...#........# ......#
........e...# .#....
.#.......g..##.#..##
#.................##
#............†.....#.
#.........##..........#
##.##....###.eg.......#
... #.......gY##......#
.. #....###...#.....#
......#.#........###
.............#.....
.......#..#..#.#
...#####.....# ..
#...### .##. ######...#
.....#..##...##


You could see Duvessa, Dowan and 3 gnolls.

Vanquished Creatures
  An orc warrior (D:5)
  An ice beast (D:5)
  A centaur (D:6)
  2 bullfrogs
  3 wights (D:6)
  2 howler monkeys (D:5)
  A centaur zombie (D:5)
  4 orc priests
  A bullfrog skeleton (D:5)
  A jelly (D:5)
  A hound (D:4)
  Jessica (D:3)
  Natasha (thrice) (D:4)
  An iguana (D:3)
  2 orc wizards (D:5)
  A worker ant (D:4)
  Robin (D:3)
  A gnoll (D:6)
  8 adders
  A howler monkey skeleton (D:4)
  A shadow imp (D:5)
  A white imp (D:6)
  An ufetubus (D:5)
  8 worms
  An adder skeleton (D:4)
  5 dart slugs
  3 leopard geckos
  16 orcs
  5 bats
  11 goblins
  8 hobgoblins
  8 jackals
  5 quokkas
  4 frilled lizards
  5 kobolds
  6 rats
125 creatures vanquished.

Vanquished Creatures (others)
  An orc (D:4)
1 creature vanquished.

Grand Total: 126 creatures vanquished

Notes
Turn   | Place    | Note
-------+----------+-------------------------------------------
     0 | D:1      | kae the Naga Transmuter began the quest for the Orb.
     0 | D:1      | Reached XP level 1. HP: 18/18 MP: 3/3
   286 | D:1      | Reached XP level 2. HP: 17/25 MP: 3/5
  1343 | D:1      | Reached XP level 3. HP: 9/31 MP: 6/6
  1562 | D:1      | Learned a level 3 spell: Spider Form
  2228 | D:2      | Noticed Terence
  2360 | D:2      | Reached XP level 4. HP: 39/39 MP: 3/7
  2902 | D:3      | Reached skill level 1 in Poison Magic
  3431 | D:3      | Reached XP level 5. HP: 41/45 MP: 8/8
  3525 | D:3      | Noticed Robin
  3550 | D:3      | Killed Robin
  3807 | D:3      | Found an opulent altar of Gozag.
  3837 | D:3      | Noticed Jessica
  3840 | D:3      | Killed Jessica
  4260 | D:4      | Noticed Natasha
  4268 | D:4      | Killed Natasha
  4269 | D:4      | Reached XP level 6. HP: 52/52 MP: 4/9
  4349 | D:4      | Learned a level 4 spell: Ice Form
  4466 | D:4      | Noticed Natasha
  4476 | D:4      | Killed Natasha
  4674 | D:4      | Found Nuxok's Antique Armour Boutique.
  4847 | D:4      | Noticed Natasha
  4862 | D:4      | Killed Natasha
  5044 | D:4      | Reached skill level 1 in Ice Magic
  5578 | D:4      | Reached XP level 7. HP: 39/61 MP: 8/11
  5714 | D:5      | Entered Level 5 of the Dungeon
  5827 | D:5      | Found a broken altar of Ashenzari.
  6050 | D:5      | Reached skill level 5 in Unarmed Combat
  6347 | D:5      | Found a bloodstained altar of Trog.
  6423 | D:5      | Found a blossoming altar of Fedhas.
  6473 | D:5      | Found a sparkling altar of Nemelex Xobeh.
  6678 | D:6      | Noticed Maggie
  6723 | D:5      | Reached XP level 8. HP: 51/69 MP: 9/12
  6926 | D:5      | HP: 1/82 [orc warrior/boomerang (18)]
  7750 | D:6      | Reached skill level 5 in Transmutations
  7888 | D:6      | Learned a level 5 spell: Blade Hands
  7927 | D:6      | Noticed Duvessa
  7927 | D:6      | Noticed Dowan
  7942 | D:6      | Slain by a gnoll

Illustrated notes

Levels and vault maps discovered:
D:1:      roderic_dead_forest, layout_loops_ring, minmay_liquid_box
D:2:      layout_basic, uniq_terence
D:3:      layout_loops_ring, nicolae_gozag_cash_rules_everything_around_me,
          minmay_quantized, uniq_robin, uniq_jessica
D:4:      layout_gridville, serial_shops, shop, uniq_natasha
D:5:      layout_rooms, nicolae_overflow_hidden_temple, bloody_trog,
          nemelex_altar_shiori, dk_vineyard_3, fedhas_altar_4
D:6:      layout_cave_pools, nicolae_qazlal_general_emergency, uniq_maggie,
          uniq_duvessa

Skill      XL: |  1  2  3  4  5  6  7  8 |
---------------+-------------------------+-----
Dodging        | 2 3 |  3.1
Poison Magic   | 1 2 3 |  3.0
Transmutations | 3 4 5 |  5.1
Fighting       | 2 3 |  3.3
Unarmed Combat | 4 5 |  5.6
Ice Magic      | 1 2 3 |  3.5
Spellcasting   | 3 |  3.5

Action                   |  1- 3 |  4- 6 |  7- 9 || total
-------------------------+-------+-------+-------++-------
Melee: Unarmed           |    69 |   188 |   133 ||   390
       Headbutt          |     4 |     4 |       ||     8
       Punch             |     1 |       |       ||     1
 Cast: Beastly Appendage |    14 |    20 |       ||    34
       Spider Form       |     1 |    13 |    11 ||    25
       Ice Form          |       |       |     6 ||     6
 Abil: Spit Poison       |    28 |    39 |     1 ||    68
       End Transformatio |       |       |     1 ||     1
  Use: Potion            |     1 |     1 |     2 ||     4
       Scroll            |     1 |     5 |     3 ||     9
Armor: Robe              |    10 |    14 |     2 ||    26
       Skin              |       |     5 |    12 ||    17
Dodge: Dodged            |    54 |   102 |   108 ||   264

Table legend: (Time is in decaauts)
 A = Elapsed time spent in this place.
 B = Non-inter-level travel time spent in this place.
 C = Inter-level travel time spent in this place.
 D = Time resting spent in this place.
 E = Time spent auto-exploring this place.
 F = Levels seen in this place.
 G = Mean time per level.
                   A        B        C        D        E       F      G
               +--------+--------+--------+--------+--------+-----+--------+
         Total |   8938 |   8609 |    329 |   1613 |   5926 |   6 | 1489.7 |
       Dungeon |   8938 |   8609 |    329 |   1613 |   5926 |   6 | 1489.7 |
               +--------+--------+--------+--------+--------+-----+--------+

Top non-repeatable levels by time:
     D:4: 1935 daAuts
     D:3: 1886 daAuts
     D:1: 1814 daAuts
     D:5: 1741 daAuts
     D:2: 1213 daAuts
     D:6: 347 daAuts
